 Dungeon Crawl Stone Soup version 0.24-a0-499-g1074bba3cf (webtiles) character file.

Game seed: 9748035218577178119

36 KristoblXynda the Slasher (level 3, 0/30 HPs)
             Began as a Draconian Gladiator on July 14, 2019.
             Succumbed to an adder's poison
             ... on level 2 of the Dungeon.
             The game lasted 00:02:18 (1044 turns).

KristoblXynda the Slasher (Draconian Gladiator)     Turns: 1044, Time: 00:02:18

Health: 0/30       AC:  6    Str: 17    XL:     3   Next: 19%
Magic:  3/3        EV: 13    Int: 14    God:
Gold:   53         SH:  0    Dex: 12    Spells: 2/2 levels left

rFire    . . .     SeeInvis .   a - +0 long sword
rCold    . . .     Gourm    .   (no shield)
rNeg     . . .     Faith    .   (armour unavailable)
rPois    .         Spirit   .   b - +0 hat
rElec    .         Reflect  .   f - +0 cloak
rCorr    .         Harm     .   (no gloves)
MR       .....                  (no boots)
Stlth    +.........             (no amulet)
HPRegen  0.10/turn              e - +6 ring of intelligence
MPRegen  0.08/turn              (no ring)

@: lethally poisoned (0 -> -12)
A: unfitting armour, cold-blooded, AC +5
a: no special abilities


You were on level 2 of the Dungeon.
You were not hungry.

You visited 1 branch of the dungeon, and saw 2 of its levels.

You collected 53 gold pieces.

Inventory:

Hand Weapons
 a - a +0 long sword (weapon)
Missiles
 c - 3 throwing nets (quivered)
Armour
 b - a +0 hat (worn)
 f - a +0 cloak (worn)
Jewellery
 e - a +6 ring of intelligence (left hand)
Scrolls
 g - a scroll of magic mapping
 h - a scroll of identify {unknown}
Comestibles
 d - 2 rations


   Skills:
 + Level 2.5 Fighting
 * Level 3.7 Long Blades
 - Level 2.0 Throwing
 + Level 3.0 Dodging


You had 2 spell levels left.
You didn't know any spells.
Your spell library was empty.

Dungeon Overview and Level Annotations

Branches:
Dungeon (2/15)

Altars:
Makhleb


Innate Abilities, Weirdness & Mutations

Your plain brown scales are hard. (AC +5)
You cannot fit into any form of body armour.
You are cold-blooded and may be slowed by cold attacks.


Message History

Unknown command.
You aren't carrying any potions.
* * * LOW HITPOINT WARNING * * *
You feel sick.
You slash the adder!
You kill the adder!
You have reached level 3!
Your experience leads to an increase in your attributes!
Your base attributes are Str 16, Int 8, Dex 12.
Increase (S)trength, (I)ntelligence, or (D)exterity?
You feel stronger.
Your scales feel tougher.
* * * LOW HITPOINT WARNING * * *
You feel sick.
There is a lethal amount of poison in your body!
There is a lethal amount of poison in your body!
You eat one of the 3 rations.
That ration really hit the spot!
* * * LOW HITPOINT WARNING * * *
You feel sick.
Unknown command.
You die...

##.##.##..## *,,*.# *,* *,*
**#..........# *..#.##*,***,*
.....##.##...##*#.....,,,**,*
.....##.##....###...####,**,*
..#.................#....,,,*
.......<...#....#.......,****
................#.#.#.#..*
+##..#.###.#....#........*
,,#..#.*........@...#**,**
,,*,,#,#.._..#..#.### *,*
,,*,,*,#....##......***,**
<,*,,,,...............,,,******
,,*,,*,..#.###....#####,,,,,,,*
,,*,,,,,,#,,,......****,**,****
,,,,,,,,,,,,.....>..,,,,,,,,,,*
+*,,,*,,,*,........##*,,**,****
,*,,,*,,,*,,,,,,,,,,,,,,**,*


There were no monsters in sight!

Vanquished Creatures
  An adder (D:2)
  2 dart slugs (D:1)
  A leopard gecko (D:1)
  A hobgoblin (D:1)
  6 jackals (D:1)
  5 bats
  A goblin (D:1)
  2 kobolds (D:1)
  3 rats (D:1)
22 creatures vanquished.

Vanquished Creatures (others)
  A jackal (D:1)
1 creature vanquished.

Grand Total: 23 creatures vanquished

Notes
Turn   | Place    | Note
-------+----------+-------------------------------------------
     0 | D:1      | KristoblXynda the Draconian Gladiator began the quest for
                  | the Orb.
     0 | D:1      | Reached XP level 1. HP: 17/17 MP: 1/1
   158 | D:1      | Reached XP level 2. HP: 21/24 MP: 2/2
  1020 | D:2      | Found a burning altar of Makhleb.
  1042 | D:2      | Reached XP level 3. HP: 3/30 MP: 3/3
  1043 | D:2      | HP: 1/30 [poisoned by an adder]
  1044 | D:2      | Succumbed to an adder's poison

Levels and vault maps discovered:
D:1:      ebering_trefoil_twist, layout_basic, lemuel_old_faithful
D:2:      minmay_diamond_boxcup, layout_basic, bloody_makhleb

Skill      XL: |  1  2 |
---------------+-------+-----
Throwing       | 2 |  2.0
Dodging        | 3 |  3.0
Fighting       | |  2.5
Long Blades    | |  3.7

Action                   || total
-------------------------++-------
Melee: Long sword        ||    68
       Tailslap          ||    13
  Use: Scroll            ||     1
  Eat: Ration            ||     1
Armor: Skin              ||    26
Dodge: Dodged            ||    74
       Rpst.: Long sword ||    24

Table legend:
 A = Non-vault XP
 B = Vault XP
 C = Vault XP percentage of total XP
 D = Non-vault monster count
 E = Vault monster count
 F = Vault count percentage of total count
                 A         B        C        D         E       F
            +---------+---------+-------+---------+---------+-------
      Total |      52 |       0 |   0.0 |      22 |       0 |   0.0
            +---------+---------+-------+---------+---------+-------
        D:1 |      37 |       0 |   0.0 |      20 |       0 |   0.0
        D:2 |      15 |       0 |   0.0 |       2 |       0 |   0.0
            +---------+---------+-------+---------+---------+-------
